PL
BOSTON PATRIOTS @ NORTHERN VIRGINIA RAINBOW MERMAIDS
08/02/2038
 
TOP OF THE 1ST
Boston Patriots batting - Pitching for Northern Virginia Rainbow Mermaids : RHP Ricardo García
Pitching: RHP Ricardo García
Batting: LHB Juan Macíel 0-0: Ground out 1-3 (Groundball, 34S, EV 85.6 MPH)
Batting: LHB Juan Alvarado 0-0: Called Strike
0-1: Called Strike
0-2: Ball
1-2: Fly out, F9 (Flyball, 9, EV 70.0 MPH)
Batting: RHB Wilbur Davis 0-0: SINGLE (Line Drive, 3D, EV 103.8 MPH)
Batting: LHB Freddy Díaz 0-0: Ball
1-0: Foul Ball, location: 2F
1-1: Swinging Strike
1-2: Ball
2-2: Ball
3-2: Base on Balls
Wilbur Davis to second
Batting: RHB Dennis Wacher 0-0: Ball
1-0: Ball
2-0: Fielders Choice at 2nd, 5-4 (Groundball, 5, EV 103.8 MPH)
Top of the 1st over - 0 runs, 1 hit, 0 errors, 2 left on base; Boston 0 - Northern Virginia 0
BOTTOM OF THE 1ST
Northern Virginia Rainbow Mermaids batting - Pitching for Boston Patriots : RHP Elton Coalan
Pitching: RHP Elton Coalan
Batting: LHB Craig Morgan 0-0: Ball
1-0: Ball
2-0: Ball
3-0: Base on Balls
Batting: RHB Mario Castillo 0-0: Ball
1-0: Swinging Strike
1-1: Fly out, F9 (Flyball, 89XD, EV 112.5 MPH)
Batting: LHB Ryder Ringor 0-0: Ball
1-0: Foul Ball, location: 2F
1-1: Grounds into double play, 4-6-3 (Groundball, 34, EV 83.1 MPH)
Bottom of the 1st over - 0 runs, 0 hits, 0 errors, 0 left on base; Boston 0 - Northern Virginia 0
TOP OF THE 2ND
Boston Patriots batting - Pitching for Northern Virginia Rainbow Mermaids : RHP Ricardo García
Batting: RHB Yu-shu Kang 0-0: Ball
1-0: Called Strike
1-1: Ball
2-1: Ground out 6-3 (Groundball, 6, EV 106.2 MPH)
Batting: RHB Tyler Bowen 0-0: Called Strike
0-1: Swinging Strike
0-2: Strikes out swinging
Batting: SHB Temaki Yuka 0-0: Ball
1-0: Swinging Strike
1-1: Ground out 1-3 (Groundball, 34S, EV 85.6 MPH)
Top of the 2nd over - 0 runs, 0 hits, 0 errors, 0 left on base; Boston 0 - Northern Virginia 0
BOTTOM OF THE 2ND
Northern Virginia Rainbow Mermaids batting - Pitching for Boston Patriots : RHP Elton Coalan
Batting: LHB Tural Bishara 0-0: Foul Ball, location: 2F
0-1: DOUBLE (Line Drive, 3D, EV 101.2 MPH)
Batting: LHB Tim Stinson 0-0: Foul Ball, location: 2F
0-1: Ground out 4-3 (Groundball, 4, EV 93.1 MPH)
Tural Bishara to third
Batting: RHB Phil McCroskey 0-0: Called Strike
0-1: Swinging Strike
0-2: Fly out, F3 (Popup, 3F, EV 63.1 MPH)
Batting: RHB Jesús Vargas 0-0: Called Strike
0-1: Ball
1-1: Ball
2-1: Foul Ball, location: 2F
2-2: Strikes out swinging
Bottom of the 2nd over - 0 runs, 1 hit, 0 errors, 1 left on base; Boston 0 - Northern Virginia 0
TOP OF THE 3RD
Boston Patriots batting - Pitching for Northern Virginia Rainbow Mermaids : RHP Ricardo García
Batting: RHB Frank Ray 0-0: Foul Ball, location: 2F
0-1: Ball
1-1: Ground out 6-3 (Groundball, 6, EV 78.1 MPH)
Batting: LHB Juan Macíel 0-0: Ball
1-0: Called Strike
1-1: Swinging Strike
1-2: Foul Ball, location: 2F
1-2: DOUBLE (Line Drive, 89D, EV 103.1 MPH)
Batting: LHB Juan Alvarado 0-0: Ball
Juan Macíel is caught stealing 3rd base 2-5
1-0: Ball
2-0: Ball
3-0: Called Strike
3-1: SINGLE (Groundball, 3S, EV 70.0 MPH) (infield hit)
Batting: RHB Wilbur Davis 0-0: Called Strike
0-1: Ball
1-1: Ball
2-1: Ground out 4-3 (Groundball, 34, EV 104.4 MPH)
Top of the 3rd over - 0 runs, 2 hits, 0 errors, 1 left on base; Boston 0 - Northern Virginia 0
BOTTOM OF THE 3RD
Northern Virginia Rainbow Mermaids batting - Pitching for Boston Patriots : RHP Elton Coalan
Batting: LHB Owen Sharts 0-0: Ball
1-0: Fly out, F9 (Flyball, 9LS, EV 91.9 MPH)
Batting: RHB Tony Calhoun 0-0: Ball
1-0: Ball
2-0: Ball
3-0: Called Strike
3-1: Foul Ball, location: 2F
3-2: Ground out 5-3 (Groundball, 56S, EV 87.5 MPH)
Batting: LHB Craig Morgan 0-0: Ball
1-0: Fly out, F9 (Flyball, 89S, EV 91.2 MPH)
Bottom of the 3rd over - 0 runs, 0 hits, 0 errors, 0 left on base; Boston 0 - Northern Virginia 0
TOP OF THE 4TH
Boston Patriots batting - Pitching for Northern Virginia Rainbow Mermaids : RHP Ricardo García
Batting: LHB Freddy Díaz 0-0: Called Strike
0-1: Foul Ball, location: 2F
0-2: Ball
1-2: Ball
2-2: Strikes out swinging
Batting: RHB Dennis Wacher 0-0: Called Strike
0-1: Ball
1-1: Foul Ball, location: 2F
1-2: SINGLE (Groundball, 6MD, EV 96.2 MPH)
Batting: RHB Yu-shu Kang 0-0: Called Strike
0-1: Swinging Strike
0-2: Ball
1-2: Strikes out swinging
Batting: RHB Tyler Bowen 0-0: Ball
Dennis Wacher steals 2nd base
1-0: Foul Ball, location: 2F
1-1: Ball
2-1: SINGLE (Line Drive, 4D, EV 99.4 MPH)
Dennis Wacher to third
Runner from 3rd tries for Home, SAFE, throw by CF to home
Batting: SHB Temaki Yuka 0-0: Ball
1-0: Foul Ball, location: 2F
1-1: Fly out, F9 (Flyball, 9D, EV 97.5 MPH)
Top of the 4th over - 1 run, 2 hits, 0 errors, 1 left on base; Boston 1 - Northern Virginia 0
BOTTOM OF THE 4TH
Northern Virginia Rainbow Mermaids batting - Pitching for Boston Patriots : RHP Elton Coalan
Batting: RHB Mario Castillo 0-0: Foul Ball, location: 2F
0-1: Swinging Strike
0-2: Foul Ball, location: 2F
0-2: Foul Ball, location: 2F
0-2: Strikes out looking
Batting: LHB Ryder Ringor 0-0: Swinging Strike
0-1: Swinging Strike
0-2: Ball
1-2: Ball
2-2: Ball
3-2: Strikes out swinging
Batting: LHB Tural Bishara 0-0: Foul Ball, location: 2F
0-1: DOUBLE (Line Drive, 78D, EV 106.9 MPH)
Batting: LHB Tim Stinson 0-0: SINGLE (Groundball, 6MD, EV 95.0 MPH)
Tural Bishara to third
Runner from 3rd tries for Home, throw by CF and OUT! 8-2
Bottom of the 4th over - 0 runs, 2 hits, 0 errors, 1 left on base; Boston 1 - Northern Virginia 0
TOP OF THE 5TH
Boston Patriots batting - Pitching for Northern Virginia Rainbow Mermaids : RHP Ricardo García
Batting: RHB Frank Ray 0-0: Called Strike
0-1: Ball
1-1: SOLO HOME RUN (Flyball, 7D, EV 105.6 MPH), Distance : 378 ft
Batting: LHB Juan Macíel 0-0: Called Strike
0-1: Ball
1-1: Ground out 3-1 (Groundball, 34, EV 82.5 MPH)
Batting: LHB Juan Alvarado 0-0: Ball
1-0: Ground out 4-3 (Groundball, 34D, EV 83.1 MPH)
Batting: RHB Wilbur Davis 0-0: Ball
1-0: Called Strike
1-1: Foul Ball, location: 2F
1-2: Foul Ball, location: 2F
1-2: Strikes out swinging
Top of the 5th over - 1 run, 1 hit, 0 errors, 0 left on base; Boston 2 - Northern Virginia 0
BOTTOM OF THE 5TH
Northern Virginia Rainbow Mermaids batting - Pitching for Boston Patriots : RHP Elton Coalan
Batting: RHB Phil McCroskey 0-0: Reached on error, E6 (Groundball, 6S, EV 68.8 MPH)
Batting: RHB Jesús Vargas 0-0: Fly out, F4 (Popup, 34S, EV 79.4 MPH)
Batting: LHB Owen Sharts 0-0: Ball
1-0: Ground out 6-3 (Groundball, 6, EV 91.2 MPH)
Phil McCroskey to third
Batting: RHB Tony Calhoun 0-0: Ball
1-0: Called Strike
1-1: SINGLE (Groundball, 56D, EV 108.1 MPH)
Phil McCroskey scores
Batting: LHB Craig Morgan 0-0: Ball
Tony Calhoun steals 2nd base
1-0: Ground out 3-1 (Groundball, 34, EV 100.0 MPH)
Bottom of the 5th over - 1 run, 1 hit, 1 error, 1 left on base; Boston 2 - Northern Virginia 1
TOP OF THE 6TH
Boston Patriots batting - Pitching for Northern Virginia Rainbow Mermaids : RHP Ricardo García
Batting: LHB Freddy Díaz 0-0: Called Strike
0-1: SINGLE (Flyball, 9LS, EV 81.9 MPH)
Batting: RHB Dennis Wacher 0-0: DOUBLE (Line Drive, 78M, EV 105.0 MPH)
Freddy Díaz to third
Batting: RHB Yu-shu Kang 0-0: Called Strike
0-1: Ball
1-1: Fly out, F8 (Flyball, 8RS, EV 89.4 MPH)
Batting: RHB Tyler Bowen 0-0: Called Strike
0-1: Fly out, F9 (Flyball, 9D, EV 92.5 MPH)
Runner from 3rd tags up, SCORES, throw by RF
Dennis Wacher to third
Batting: SHB Temaki Yuka 0-0: Fly out, F8 (Line Drive, 8LD, EV 110.6 MPH)
Top of the 6th over - 1 run, 2 hits, 0 errors, 1 left on base; Boston 3 - Northern Virginia 1
BOTTOM OF THE 6TH
Northern Virginia Rainbow Mermaids batting - Pitching for Boston Patriots : RHP Elton Coalan
Batting: RHB Mario Castillo 0-0: SINGLE (Line Drive, 9LS, EV 105.6 MPH)
Batting: LHB Ryder Ringor 0-0: Ball
1-0: Fielders Choice at 2nd, 1-6 (Groundball, 13, EV 79.4 MPH)
Batting: LHB Tural Bishara 0-0: SINGLE (Groundball, 6MD, EV 99.4 MPH)
Ryder Ringor to second
Batting: LHB Tim Stinson 0-0: Ball
1-0: Called Strike
1-1: Foul Ball, location: 2F
1-2: Grounds into double play, 4-6-3 (Groundball, 34, EV 103.1 MPH)
Bottom of the 6th over - 0 runs, 2 hits, 0 errors, 1 left on base; Boston 3 - Northern Virginia 1
TOP OF THE 7TH
Boston Patriots batting - Pitching for Northern Virginia Rainbow Mermaids : RHP Ricardo García
Batting: RHB Frank Ray 0-0: DOUBLE (Groundball, 3L, EV 99.4 MPH)
Batting: LHB Juan Macíel 0-0: Intentional Walk
Batting: LHB Juan Alvarado 0-0: Called Strike
0-1: Swinging Strike
0-2: Hit by Pitch
Frank Ray to third
Juan Macíel to second
Batting: RHB Wilbur Davis 0-0: Swinging Strike
0-1: Ball
1-1: Swinging Strike
1-2: Foul Ball, location: 2F
1-2: Hit by Pitch
Frank Ray scores
Juan Macíel to third
Juan Alvarado to second
Batting: LHB Freddy Díaz 0-0: Called Strike
0-1: Ball
1-1: Grounds into double play, 6-2-3 (Groundball, 6S, EV 83.1 MPH)
Juan Alvarado to third
Wilbur Davis to second
Batting: RHB Dennis Wacher 0-0: Ball
1-0: SINGLE (Line Drive, 9S, EV 100.6 MPH)
Juan Alvarado scores
Wilbur Davis to third
Runner from 3rd tries for Home, SAFE, no throw by RF
Pitching: RHP Henry Henry
Batting: RHB Yu-shu Kang 0-0: Called Strike
Pickoff Throw to First - Error! E1
Dennis Wacher to second
0-1: Ball
1-1: Called Strike
1-2: Ground out 5-3 (Groundball, 56S, EV 83.8 MPH)
Top of the 7th over - 3 runs, 2 hits, 1 error, 1 left on base; Boston 6 - Northern Virginia 1
BOTTOM OF THE 7TH
Northern Virginia Rainbow Mermaids batting - Pitching for Boston Patriots : RHP Elton Coalan
Batting: RHB Phil McCroskey 0-0: Ball
1-0: Called Strike
1-1: Foul Ball, location: 2F
1-2: Strikes out looking
Batting: RHB Jesús Vargas 0-0: Swinging Strike
0-1: Ball
1-1: Foul Ball, location: 2F
1-2: Ball
2-2: Ground out U3 (Groundball, 3, EV 81.2 MPH)
Batting: LHB Owen Sharts 0-0: Called Strike
0-1: Ground out 4-3 (Groundball, 4, EV 86.9 MPH)
Bottom of the 7th over - 0 runs, 0 hits, 0 errors, 0 left on base; Boston 6 - Northern Virginia 1
TOP OF THE 8TH
Boston Patriots batting - Pitching for Northern Virginia Rainbow Mermaids : RHP Henry Henry
Batting: RHB Tyler Bowen 0-0: Ball
1-0: Called Strike
1-1: Foul Ball, location: 2F
1-2: Strikes out looking
Batting: SHB Temaki Yuka 0-0: Foul Ball, location: 2F
0-1: Ball
1-1: Swinging Strike
1-2: Foul Ball, location: 2F
1-2: Ball
2-2: SINGLE (Line Drive, 7S, EV 101.9 MPH)
Batting: RHB Frank Ray 0-0: Called Strike
0-1: Swinging Strike
0-2: Strikes out swinging
Batting: LHB Juan Macíel 0-0: Ball
1-0: Foul Ball, location: 2F
1-1: Ball
2-1: SINGLE (Line Drive, 4D, EV 104.4 MPH)
Temaki Yuka to second
Runner from 2nd tries for 3rd, SAFE, throw by CF made to third
Batting: LHB Juan Alvarado 0-0: Foul Ball, location: 2F
0-1: Ball
1-1: Called Strike
1-2: Foul Ball, location: 2F
1-2: Ball
2-2: Strikes out swinging
Top of the 8th over - 0 runs, 2 hits, 0 errors, 2 left on base; Boston 6 - Northern Virginia 1
BOTTOM OF THE 8TH
Northern Virginia Rainbow Mermaids batting - Pitching for Boston Patriots : RHP Elton Coalan
Batting: RHB Tony Calhoun 0-0: Ball
1-0: SINGLE (Groundball, 56D, EV 99.4 MPH)
Batting: LHB Craig Morgan 0-0: Called Strike
0-1: Grounds into double play, 6-4-3 (Groundball, 6M, EV 101.2 MPH)
Batting: RHB Mario Castillo 0-0: Ball
1-0: TRIPLE (Flyball, 78XD, EV 104.4 MPH)
Batting: LHB Ryder Ringor 0-0: Called Strike
0-1: Foul Ball, location: 2F
0-2: Foul Ball, location: 2F
0-2: Ball
1-2: Strikes out looking
Bottom of the 8th over - 0 runs, 2 hits, 0 errors, 1 left on base; Boston 6 - Northern Virginia 1
TOP OF THE 9TH
Boston Patriots batting - Pitching for Northern Virginia Rainbow Mermaids : RHP Henry Henry
Batting: RHB Wilbur Davis 0-0: Called Strike
0-1: Ball
1-1: Ground out 6-3 (Groundball, 6, EV 83.8 MPH)
Batting: LHB Freddy Díaz 0-0: Foul Ball, location: 2F
0-1: Called Strike
0-2: Ball
1-2: Ball
2-2: Ball
3-2: Foul Ball, location: 2F
3-2: SINGLE (Groundball, 6D, EV 99.4 MPH)
Batting: RHB Dennis Wacher 0-0: Foul Ball, location: 2F
0-1: Ball
1-1: Grounds into double play, 6-4-3 (Groundball, 6, EV 87.5 MPH)
Top of the 9th over - 0 runs, 1 hit, 0 errors, 0 left on base; Boston 6 - Northern Virginia 1
BOTTOM OF THE 9TH
Northern Virginia Rainbow Mermaids batting - Pitching for Boston Patriots : RHP Elton Coalan
Batting: LHB Tural Bishara 0-0: Ball
1-0: Called Strike
1-1: Swinging Strike
1-2: Ball
2-2: Fly out, F8 (Flyball, 8RD, EV 106.9 MPH)
Pitching: RHP Sam Mooney
Batting: LHB Tim Stinson 0-0: Called Strike
0-1: Ball
1-1: Foul Ball, location: 2F
1-2: Strikes out swinging
Batting: RHB Phil McCroskey 0-0: Foul Ball, location: 2F
0-1: Foul Ball, location: 2F
0-2: Strikes out swinging
Bottom of the 9th over - 0 runs, 0 hits, 0 errors, 0 left on base; Boston 6 - Northern Virginia 1
Friday, April 17th, 2020 - OOTP Baseball 20.8 Build 74